 Dungeon Crawl Stone Soup version 0.31-a0-222-gefeffbb62a (webtiles) character file.

Game seed: 11529331026746281290

12662 qw the Marksminotaur (level 11, -2/107 HPs)
             Began as a Minotaur Hexslinger on July 5, 2023.
             Was a Priest of Okawaru.
             Slain by a komodo dragon (10 damage)
             ... on level 1 of the Lair of Beasts.
             The game lasted 00:04:19 (11850 turns).

qw the Marksminotaur (Minotaur Hexslinger)         Turns: 11850, Time: 00:04:20

Health: -2/107     AC: 13    Str: 18    XL:     11   Next: 65%
Magic:  12/13      EV: 22    Int:  9    God:    Okawaru [***...]
Gold:   300        SH:  5    Dex: 15    Spells: 11/12 levels left

rFire   . . .        o - +1 longbow
rCold   . . .        (shield currently unavailable)
rNeg    . . .        a - +0 troll leather armour
rPois   .            f - +2 hat
rElec   .            r - scarf {repulsion}
rCorr   .            (no gloves)
SInv    .            i - +1 pair of boots
Will    .....        c - amulet of reflection
Stlth   +++          y - +5 ring of evasion
HPRegen 1.17/turn    m - +4 ring of protection
MPRegen 0.13/turn

%: repel missiles, reflection
@: about to teleport, heroic
A: horns 2, retaliatory headbutt, strong 1
a: Renounce Religion, Heroism


You were on level 1 of the Lair of Beasts.
You worshipped Okawaru.
Okawaru was most pleased with you.
You visited 3 branches of the dungeon, and saw 13 of its levels.

You collected 616 gold pieces.
You spent 316 gold pieces at shops.


Innate Abilities, Weirdness & Mutations

You have a pair of horns on your head.
You reflexively headbutt those who attack you in melee.
Your muscles are strong. (Str +4, Int/Dex -1)


   Skills:
 - Level 13.4(18.4) Fighting
 + Level 15.9(20.9) Ranged Weapons
 - Level 3.3(8.3) Armour
 - Level 6.4(11.4) Dodging
 - Level 1.0 Spellcasting
 - Level 2.0 Hexes
 - Level 4.4 Invocations


You had 11 spell levels left.
You knew the following spells:

 Your Spells              Type           Power      Damage    Failure   Level
a - Slow                  Hex            16%        N/A       19%         1

Your spell library contained the following spells:

 Spells                   Type           Power      Damage    Failure   Level
 Inner Flame              Hex/Fire       2%         N/A       63%         3
 Portal Projectile        Hex/Tloc       4%         N/A       63%         3
 Cause Fear               Hex            2%         N/A       88%         4

Inventory:

Hand Weapons
 o - a +1 longbow (weapon)
Armour
 a - a +0 troll leather armour (worn)
 b - a +1 cloak
 f - a +2 hat (worn)
 i - a +1 pair of boots (worn)
 r - a scarf of repulsion (worn)
Jewellery
 c - an amulet of reflection (around neck)
 m - a +4 ring of protection (right hand)
 y - a +5 ring of evasion (left hand)
Scrolls
 j - 3 scrolls of teleportation
 w - a scroll of identify
Potions
 d - 2 potions of magic
 g - 3 potions of curing
 h - a potion of enlightenment
 l - 2 potions of cancellation
 p - a potion of ambrosia {unknown}
 s - a potion of invisibility {unknown}
 t - a potion of haste {unknown}
 u - a potion of attraction {unknown}
 v - a potion of resistance {unknown}

Dungeon Overview and Level Annotations

Branches:
Dungeon (11/15)            Temple (1/1) D:6            Lair (1/5) D:11
    Orc (0/2) D:10

Altars:
Ashenzari
Cheibriados
Dithmenos
Elyvilon
Fedhas
Gozag
Hepliaklqana
Kikubaaqudgha
Makhleb
Nemelex Xobeh
Okawaru
Qazlal
Ru
Sif Muna
Trog
Uskayaw
Vehumet
Wu Jian
Xom
Yredelemnul
Zin
The Shining One

Shops:
D:7 (   D:8 :   D:9 *

Portals:
Bailey: D:10

Annotations:
D:6 3 runed translucent doors, qw's ghost, novice GrHs
D:7 1 runed translucent door, Crazy Yiuf
D:8 3 runed translucent doors, qw's ghost, novice GrFi


Message History

The komodo dragon is lightly wounded.
The komodo dragon closely misses you.
You shoot an arrow. The arrow hits the komodo dragon.
The komodo dragon is lightly wounded.
The komodo dragon completely misses you.
The komodo dragon bites you!
You shoot an arrow.
The arrow hits the komodo dragon but does no damage.
The komodo dragon is lightly wounded.
You block the komodo dragon's attack. The komodo dragon bites you!
You shoot an arrow. The arrow hits the komodo dragon!
The komodo dragon is moderately wounded.
The komodo dragon bites you but does no damage.
You block the komodo dragon's attack.
The komodo dragon completely misses you.
You furiously retaliate!
You headbutt the komodo dragon! You shoot an arrow.
The arrow hits the komodo dragon!
The komodo dragon is moderately wounded.
The komodo dragon barely misses you.
You shoot an arrow. The arrow hits the komodo dragon!!
The komodo dragon is almost dead.
The komodo dragon bites you!! The komodo dragon bites you.
You hear an angry hiss.
You shoot an arrow.
The arrow barely misses the komodo dragon.
The komodo dragon misses you. The komodo dragon bites you!!
The komodo dragon bites you!
You shoot an arrow.
The arrow hits the komodo dragon but does no damage.
The komodo dragon is almost dead.
The komodo dragon bites you!! You block the komodo dragon's attack.
The komodo dragon closely misses you.
11850 ||| READING 4 scrolls of teleportation.
As you read the scroll of teleportation, it crumbles to dust.
You feel strangely unstable.
The komodo dragon completely misses you.
You furiously retaliate!
You headbutt the komodo dragon!
An iguana comes into view.
The komodo dragon misses you. The komodo dragon bites you!
You die...

#. #. #### ## #.###..
###.. ...#..## #.( . ##
#.....# ....#$#### #
##.#...#####.#....)#
###...P.....)#.lll?..#
>###.P...##..###@#### #
#.#%.P#...#....#....##...
##.#..#..##....##......P#
###....####....%......##
#....## #########l###
##...# ... #.>.# ...#
##..# ### ...#


You could see 3 komodo dragons and an iguana.

Vanquished Creatures
  Fannar (D:11)
  2 boulder beetles
  Erica (D:11)
  2 two-headed ogres
  Pikel (D:7)
  A torpor snail (Lair:1)
  2 cane toads (Lair:1)
  A rime drake (Lair:1)
  2 komodo dragons
  2 trolls (D:10)
  Prince Ribbit (D:7)
  2 blink frogs (Lair:1)
  3 shadows
  A wyvern (D:10)
  A vampire (D:8)
  5 yaks
  2 wraiths (D:11)
  6 vampire mosquitoes
  Menkaure (D:7)
  2 water moccasins
  2 sky beasts (D:7)
  An ice beast (D:5)
  3 orc warriors
  2 black bears
  3 ogres
  2 centaurs
  A lemure (D:7)
  A kobold brigand (D:10)
  3 bullfrogs
  3 scorpions
  A howler monkey (D:5)
  4 hounds
  5 jellies
  3 orc priests
  3 sleepcaps
  9 iguanas
  12 orc wizards
  12 adders
  An ufetubus (D:6)
  3 worms
  4 dart slugs
  45 orcs
  11 endoplasms
  A giant cockroach (D:2)
  8 goblins
  7 hobgoblins
  2 jackals (D:4)
  4 quokkas
  3 ball pythons
  7 bats
  2 frilled lizards
  11 kobolds
  5 rats
223 creatures vanquished.

Notes
Turn   | Place    | Note
-------+----------+-------------------------------------------
     0 | D:1      | qw the Minotaur Hexslinger began the quest for the Orb.
     0 | D:1      | Reached XP level 1. HP: 16/16 MP: 1/1
     0 | D:1      | 0 ||| qw: Version: 0.3-a-46-gb1f654a
     0 | D:1      | 0 ||| qw: Game counter: 1076
     0 | D:1      | 0 ||| qw: Melee chars always use a shield: true
     0 | D:1      | 0 ||| qw: God list: Okawaru
     0 | D:1      | 0 ||| qw: Allow faded altars: false
     0 | D:1      | 0 ||| qw: Do Orc after clearing Dungeon:15 true
     0 | D:1      | 0 ||| qw: Do second Lair branch before Depths: true
     0 | D:1      | 0 ||| qw: Lair rune preference: random
     0 | D:1      | 0 ||| qw: Goals: Normal
     0 | D:1      | 0 ||| PLANNING D:1-11
   212 | D:1      | Reached skill level 3 in Ranged Weapons
   212 | D:1      | Reached XP level 2. HP: 23/23 MP: 2/2
   792 | D:1      | 792 ||| UPGRADING to +0 ring mail.
   802 | D:1      | 802 ||| DROPPING +0 robe.
   803 | D:1      | 803 ||| READING scroll labelled HUULLY ULE EBA.
   808 | D:1      | 808 ||| READING scroll labelled ODARIK RIU.
   809 | D:1      | 809 ||| READING scroll labelled OMPUHA KEMPU.
   810 | D:1      | 810 ||| READING scroll labelled KIAVORYHAN.
   811 | D:1      | 811 ||| DROPPING scroll of poison.
   996 | D:2      | Reached XP level 3. HP: 29/29 MP: 3/3
  1202 | D:2      | Reached skill level 4 in Ranged Weapons
  1712 | D:2      | 1712 ||| UPGRADING to +1 cloak.
  1717 | D:2      | 1717 ||| UPGRADING to +2 hat.
  1722 | D:2      | 1722 ||| UPGRADING to +0 leather armour of cold resistance.
  1732 | D:2      | 1732 ||| UPGRADING to ring of willpower.
  1733 | D:2      | 1733 ||| READING scroll labelled JUNUDEAMITZ.
  1781 | D:3      | Reached XP level 4. HP: 21/36 MP: 4/4
  2010 | D:3      | Reached skill level 5 in Ranged Weapons
  2046 | D:3      | Found an ancient bone altar of Kikubaaqudgha.
  2557 | D:3      | 2557 ||| READING scroll labelled TOSUM HUSCHEON.
  2558 | D:3      | 2558 ||| DRINKING 2 fuming puce potions.
  2559 | D:3      | 2559 ||| DRINKING 2 viscous black potions.
  2559 | D:3      | Reached XP level 5. HP: 64/64 MP: 5/5
  2560 | D:3      | 2560 ||| DRINKING potion of experience.
  2560 | D:3      | Reached skill level 11 in Ranged Weapons
  2560 | D:3      | Reached XP level 6. HP: 72/72 MP: 6/6
  2690 | D:4      | Reached skill level 1 in Armour
  2690 | D:4      | Reached XP level 7. HP: 79/79 MP: 7/7
  2738 | D:4      | 2738 ||| DRINKING 2 fuming grey potions.
  2766 | D:4      | 2766 ||| DROPPING potion of lignification.
  2775 | D:4      | 2775 ||| STAIRDANCE
  3046 | D:4      | 3046 ||| FLEEEEING.
  3051 | D:4      | 3051 ||| FLEEEEING.
  3052 | D:4      | 3052 ||| FLEEEEING.
  3053 | D:4      | 3053 ||| FLEEEEING.
  3054 | D:4      | 3054 ||| FLEEEEING.
  3055 | D:4      | 3055 ||| STAIRDANCE
  3090 | D:3      | 3090 ||| READING scroll labelled RAAL PEUSTREV.
  3168 | D:4      | Reached skill level 3 in Dodging
  3496 | D:4      | 3496 ||| READING scroll labelled FUIMOU REST.
  3497 | D:4      | 3497 ||| DRINKING 2 coppery potions.
  3502 | D:4      | 3502 ||| STAIRDANCE
  3503 | D:3      | Found a glowing golden altar of the Shining One.
  3844 | D:4      | HP: 18/79 [ogre/+0 giant club (11)]
  3845 | D:4      | 3845 ||| READING scroll of teleportation.
  3992 | D:4      | 3992 ||| FLEEEEING.
  4060 | D:4      | 4060 ||| UPGRADING to +4 ring of protection.
  4107 | D:5      | Entered Level 5 of the Dungeon
  4341 | D:5      | Reached XP level 8. HP: 80/86 MP: 8/8
  5485 | D:5      | 5485 ||| DROPPING +0 ring mail.
  5486 | D:5      | 5486 ||| UPGRADING to scarf of repulsion.
  5496 | D:5      | 5496 ||| READING scroll labelled SEATSO IR YKLE.
  5496 | D:5      | Identified a scroll of acquirement
  5496 | D:5      | 5496 ||| ACQUIRING amulet of reflection
  5496 | D:5      | Acquired an amulet of reflection
  5498 | D:5      | 5498 ||| UPGRADING to amulet of reflection.
  5503 | D:5      | 5503 ||| READING scroll labelled ITEIZA WIEXZEDGH.
  5504 | D:5      | 5504 ||| READING scroll labelled YGENUA DEMEWEFO.
  5505 | D:5      | 5505 ||| DRINKING 2 bubbling clear potions.
  6271 | D:6      | Found a runed translucent gate.
  6271 | D:6      | Found a runed translucent gate.
  6271 | D:6      | Found a runed translucent gate.
  6271 | D:6      | Noticed qw's ghost (novice GrHs)
  6271 | D:6      | Noticed a troll
  6303 | D:6      | Reached skill level 12 in Ranged Weapons
  6354 | D:6      | Reached XP level 9. HP: 86/93 MP: 9/9
  6747 | D:6      | Found a staircase to the Ecumenical Temple.
  6748 | D:6      | 6748 ||| PLANNING TEMPLE
  6748 | D:6      | 6748 ||| UPGRADING to ring of see invisible.
  6750 | D:6      | 6750 ||| READING scroll labelled CAS GUEFUMNEMMA.
  6751 | D:6      | 6751 ||| DRINKING 2 black potions.
  6751 | D:6      | Gained mutation: Your magical capacity is low. (-10% MP)
                  | [potion of mutation]
  6751 | D:6      | Gained mutation: You have very sharp teeth. [potion of
                  | mutation]
  6751 | D:6      | Gained mutation: You sometimes lose your temper in combat.
                  | [potion of mutation]
  6751 | D:6      | Gained mutation: You have large cloven feet. [potion of
                  | mutation]
  6752 | D:6      | 6752 ||| DRINKING potion of mutation.
  6752 | D:6      | Lost mutation: You sometimes lose your temper in combat.
                  | [potion of mutation]
  6752 | D:6      | Lost mutation: You have very sharp teeth. [potion of
                  | mutation]
  6752 | D:6      | Lost mutation: Your magical capacity is low. (-10% MP)
                  | [potion of mutation]
  6752 | D:6      | Gained mutation: You occasionally lose the ability to read
                  | scrolls when taking damage. [potion of mutation]
  6752 | D:6      | Gained mutation: Your flesh is cold resistant. (rC+)
                  | [potion of mutation]
  6758 | Temple   | Entered the Ecumenical Temple
  6763 | Temple   | 6763 ||| PLANNING OKAWARU WORSHIP
  6786 | Temple   | Became a worshipper of Warmaster Okawaru
  6787 | Temple   | 6787 ||| PLANNING D:1-11
  7168 | D:7      | Noticed Pikel
  7191 | D:7      | Killed Pikel
  7497 | D:7      | Found Durykkin's Firing Range.
  7507 | D:7      | 7507 ||| BUYING +0 arbalest (63 gold).
  7507 | D:7      | Bought a +0 arbalest for 63 gold pieces
  7507 | D:7      | 7507 ||| BUYING +0 longbow (91 gold).
  7507 | D:7      | Bought a +0 longbow for 91 gold pieces
  7507 | D:7      | 7507 ||| SWAPPING to +0 longbow.
  7508 | D:7      | 7508 ||| DROPPING +0 arbalest.
  7509 | D:7      | 7509 ||| DROPPING +1 sling.
  7641 | D:7      | Found a runed translucent door.
  7642 | D:7      | Noticed Crazy Yiuf
  7818 | D:7      | Found a burning altar of Makhleb.
  7818 | D:7      | Found a sacrificial altar of Ru.
  7823 | D:7      | Found an opulent altar of Gozag.
  7824 | D:7      | Found a shimmering blue altar of Sif Muna.
  7826 | D:7      | Found a hide-covered altar of Uskayaw.
  7827 | D:7      | Found a white marble altar of Elyvilon.
  7830 | D:7      | Noticed Menkaure
  7836 | D:7      | Killed Menkaure
  7841 | D:7      | Found a shadowy altar of Dithmenos.
  7843 | D:7      | Found a broken altar of Ashenzari.
  7871 | D:7      | Noticed Prince Ribbit
  7877 | D:7      | Killed Prince Ribbit
  7877 | D:7      | Reached * piety under Okawaru
  8253 | D:7      | 8253 ||| READING 2 scrolls labelled USKUFO RAOSODU.
  8354 | D:7      | 8354 ||| DROPPING scroll of silence.
  8556 | D:8      | Found a runed translucent gate.
  8556 | D:8      | Found a runed translucent gate.
  8556 | D:8      | Found a runed translucent gate.
  8559 | D:8      | Noticed qw's ghost (novice GrFi)
  8559 | D:8      | Identified the +0 chain mail "Taop" {Rampage}
  8631 | D:8      | Reached skill level 1 in Invocations
  8714 | D:8      | Reached ** piety under Okawaru
  8715 | D:8      | Reached XP level 10. HP: 73/101 MP: 10/10
  8795 | D:8      | 8795 ||| INVOKING Heroism.
  8843 | D:8      | 8843 ||| DRINKING 2 potions of mutation.
  8843 | D:8      | Lost mutation: Your flesh is cold resistant. (rC+) [potion
                  | of mutation]
  8843 | D:8      | Lost mutation: You have large cloven feet. [potion of
                  | mutation]
  8843 | D:8      | Gained mutation: You sometimes lose your temper in combat.
                  | [potion of mutation]
  8844 | D:8      | 8844 ||| DRINKING potion of mutation.
  8844 | D:8      | Lost mutation: You occasionally lose the ability to read
                  | scrolls when taking damage. [potion of mutation]
  8844 | D:8      | Lost mutation: You sometimes lose your temper in combat.
                  | [potion of mutation]
  8844 | D:8      | Gained mutation: Your muscles are strong. (Str +4, Int/Dex
                  | -1) [potion of mutation]
  9106 | D:8      | Found Jiuc's Book Boutique.
  9197 | D:8      | Noticed a two-headed ogre
  9198 | D:8      | 9198 ||| INVOKING Heroism.
  9202 | D:8      | Killed a two-headed ogre
  9203 | D:8      | Reached skill level 13 in Ranged Weapons
  9331 | D:8      | 9331 ||| UPGRADING to +0 pair of boots.
  9336 | D:8      | 9336 ||| READING scroll of enchant armour.
  9336 | D:8      | 9336 ||| ENCHANTING +0 pair of boots.
  9337 | D:8      | 9337 ||| DROPPING ring of willpower.
  9338 | D:8      | 9338 ||| UPGRADING to +5 ring of evasion.
  9340 | D:8      | 9340 ||| DROPPING ring of see invisible.
  9341 | D:8      | 9341 ||| DRINKING 2 smoky orange potions.
  9368 | D:9      | Reached skill level 3 in Invocations
  9394 | D:9      | 9394 ||| FLEEEEING.
  9395 | D:9      | 9395 ||| FLEEEEING.
  9396 | D:9      | 9396 ||| FLEEEEING.
  9397 | D:9      | 9397 ||| STAIRDANCE
  9403 | D:8      | 9403 ||| Stepping randomly (disturbance).
  9496 | D:9      | 9496 ||| STAIRDANCE
  9498 | D:8      | 9498 ||| DRINKING potion of curing.
  9498 | D:8      | 9498 ||| (to cure confusion)
  9503 | D:8      | 9503 ||| INVOKING Heroism.
  9515 | D:8      | HP: 24/101 [yak (7)]
  9516 | D:8      | 9516 ||| READING 4 scrolls of teleportation.
  9517 | D:8      | 9517 ||| DRINKING potion of heal wounds.
  9840 | D:9      | 9840 ||| INVOKING Heroism.
  9939 | D:9      | Found Ilyixoi's General Store.
  9945 | D:9      | 9945 ||| BUYING potion of curing (39 gold).
  9945 | D:9      | Bought a potion of curing for 39 gold pieces
  9945 | D:9      | 9945 ||| BUYING scroll of enchant weapon (97 gold).
  9945 | D:9      | Bought a scroll of enchant weapon for 97 gold pieces
  9945 | D:9      | 9945 ||| BUYING scroll of identify (26 gold).
  9945 | D:9      | Bought a scroll of identify for 26 gold pieces
  9945 | D:9      | 9945 ||| READING scroll of enchant weapon.
  9945 | D:9      | 9945 ||| ENCHANTING +0 longbow.
 10061 | D:9      | Noticed a two-headed ogre
 10062 | D:9      | 10062 ||| INVOKING Heroism.
 10067 | D:9      | Killed a two-headed ogre
 10067 | D:9      | Reached *** piety under Okawaru
 10114 | D:9      | 10114 ||| READING 2 scrolls of identify.
 10114 | D:9      | 10114 ||| IDENTIFYING sapphire potion
 10115 | D:9      | 10115 ||| DROPPING potion of brilliance.
 10138 | D:10     | Entered Level 10 of the Dungeon
 10138 | D:10     | Found a staircase to the Orcish Mines.
 10178 | D:10     | 10178 ||| INVOKING Heroism.
 10329 | D:10     | 10329 ||| INVOKING Heroism.
 10481 | D:10     | Found a flagged portal.
 10536 | D:10     | 10536 ||| INVOKING Heroism.
 10539 | D:10     | Reached skill level 14 in Ranged Weapons
 10559 | D:10     | 10559 ||| INVOKING Heroism.
 10618 | D:10     | 10618 ||| UPGRADING to +0 troll leather armour.
 10628 | D:10     | 10628 ||| DROPPING +0 leather armour of cold resistance.
 10629 | D:10     | 10629 ||| DROPPING +2 robe of positive energy.
 10630 | D:10     | 10630 ||| DROPPING ring of protection from cold.
 10631 | D:10     | 10631 ||| DRINKING 2 murky clear potions.
 10736 | D:10     | 10736 ||| READING 2 scrolls of identify.
 10736 | D:10     | 10736 ||| IDENTIFYING lumpy silvery potion
 10737 | D:10     | 10737 ||| DROPPING potion of berserk rage.
 10738 | D:10     | 10738 ||| DROPPING potion of degeneration.
 10783 | D:11     | Found a staircase to the Lair.
 10785 | D:11     | Noticed a boulder beetle
 10786 | D:11     | 10786 ||| INVOKING Heroism.
 10805 | D:11     | Reached skill level 3 in Armour
 10814 | D:11     | 10814 ||| INVOKING Heroism.
 10817 | D:11     | Killed a boulder beetle
 10818 | D:11     | Reached skill level 6 in Dodging
 10818 | D:11     | Reached XP level 11. HP: 107/107 MP: 10/13
 10894 | D:11     | Noticed Fannar
 10907 | D:11     | Killed Fannar
 11200 | D:11     | Noticed Erica
 11201 | D:11     | 11201 ||| INVOKING Heroism.
 11209 | D:11     | Killed Erica
 11501 | D:11     | 11501 ||| PLANNING LAIR
 11501 | D:11     | 11501 ||| DROPPING +6 ring of strength.
 11544 | Lair:1   | Entered Level 1 of the Lair of Beasts
 11553 | Lair:1   | 11553 ||| FLEEEEING.
 11555 | Lair:1   | 11555 ||| FLEEEEING.
 11557 | Lair:1   | 11557 ||| FLEEEEING.
 11559 | Lair:1   | 11559 ||| INVOKING Heroism.
 11567 | Lair:1   | Reached skill level 15 in Ranged Weapons
 11592 | Lair:1   | Noticed a boulder beetle
 11593 | Lair:1   | 11593 ||| INVOKING Heroism.
 11615 | Lair:1   | Killed a boulder beetle
 11615 | Lair:1   | Reached **** piety under Okawaru
 11650 | Lair:1   | 11650 ||| INVOKING Heroism.
 11715 | Lair:1   | 11715 ||| INVOKING Heroism.
 11790 | Lair:1   | 11790 ||| INVOKING Heroism.
 11839 | Lair:1   | 11839 ||| INVOKING Heroism.
 11849 | Lair:1   | HP: 7/107 [komodo dragon (22)]
 11850 | Lair:1   | 11850 ||| READING 4 scrolls of teleportation.
 11850 | Lair:1   | Slain by a komodo dragon

Levels and vault maps discovered:
D:1:      dpeg_arrival_tiny_j, layout_loops_corners
D:2:      layout_basic, serial_rivers, chequers_serial_rivers_micro_d,
          chequers_serial_rivers_micro_b, chequers_serial_rivers_micro_e,
          chequers_serial_rivers_micro_c, minmay_ruptured
D:3:      layout_basic, nicolae_overflow_hidden_temple
D:4:      layout_loops_corners, kennysheep_big_empty_room, st_stairs_1
D:5:      layout_layer_cave
D:6:      minmay_recursive_quarters, layout_basic,
          minmay_temple_entry_enclosed_plants, serial_curves, eino_curves_04,
          eino_curves_02, gammafunk_ghost_split, chequers_serial_rivers_large_b,
          kennysheep_generic_room_2
D:7:      layout_basic, nicolae_overflow_hallway_of_the_gods,
          nicolae_shop_firing_range, uniq_menkaure, uniq_pikel,
          uniq_crazy_yiuf_cottage, uniq_prince_ribbit1
D:8:      layout_cave_pods, biasface_ghost_orc_armoury, serial_shops, shop
D:9:      layout_rooms, serial_shops, nicolae_shop_tiny_waterfront
D:10:     layout_rooms, orc_0_dummy, enter_bailey_7, hangedman_decor_peaks_small
D:11:     layout_roguey, david_lair_shrubbed, uniq_erica, uniq_fannar
Temple:   hellmonk_temple_two_chambers
Lair:1:   beast_lair_carwin_large_3, layout_hall_layers, evilmike_ambush
          [evilmike_ambush_outer_doors, evilmike_ambush_inner_basic]

Skill      XL: |  1  2  3  4  5  6  7  8  9 10 11 |
---------------+----------------------------------+-----
Ranged Weapons | 3 4 5 11 12 14 15 | 15.9
Fighting       | 2 13 | 13.4
Armour         | 1 2 3 |  3.3
Dodging        | 4 5 6 |  6.4
Invocations    | 1 4 |  4.4
Spellcasting   | |  1.0
Hexes          | |  2.0

Action                     |  1- 3 |  4- 6 |  7- 9 | 10-12 || total
---------------------------+-------+-------+-------+-------++-------
   Fire: Sling             |   114 |    66 |   438 |       ||   618
         Longbow           |       |       |    90 |   311 ||   401
 Invoke: Heroism           |       |       |       |    18 ||    18
    Use: Scroll            |     5 |     1 |     8 |     6 ||    20
         Potion            |       |     3 |     5 |     6 ||    14
 Armour: Robe              |     6 |       |       |       ||     6
         Ring mail         |    20 |       |       |       ||    20
         Leather armour    |     3 |     9 |    68 |    25 ||   105
         Troll leather arm |       |       |       |     8 ||     8
  Dodge: Dodged            |    43 |     9 |   154 |   132 ||   338
         Repelled          |       |       |     1 |     2 ||     3
  Block: Other             |       |       |    39 |    48 ||    87
         Reflection        |       |       |       |     2 ||     2

Table legend:
 A = Non-vault XP
 B = Vault XP
 C = Vault XP percentage of total XP
 D = Non-vault monster count
 E = Vault monster count
 F = Vault count percentage of total count
                 A         B        C        D         E       F
            +---------+---------+-------+---------+---------+-------
      Total |   13433 |    4143 |  23.6 |     194 |      28 |  12.6
            +---------+---------+-------+---------+---------+-------
        D:1 |      34 |       0 |   0.0 |      18 |       0 |   0.0
        D:2 |      31 |      13 |  29.5 |      17 |       1 |   5.6
        D:3 |     109 |       0 |   0.0 |      19 |       0 |   0.0
        D:4 |     631 |      46 |   6.8 |      26 |       4 |  13.3
        D:5 |     479 |       0 |   0.0 |      12 |       0 |   0.0
        D:6 |     564 |     427 |  43.1 |      17 |      10 |  37.0
        D:7 |     838 |    1074 |  56.2 |      19 |       3 |  13.6
        D:8 |    2212 |       0 |   0.0 |      20 |       0 |   0.0
        D:9 |    1637 |       0 |   0.0 |      12 |       0 |   0.0
       D:10 |    1539 |       7 |   0.5 |      17 |       4 |  19.0
       D:11 |    1622 |    2075 |  56.1 |       5 |       3 |  37.5
     Lair:1 |    3737 |     501 |  11.8 |      12 |       3 |  20.0
            +---------+---------+-------+---------+---------+-------
